 Dungeon Crawl Stone Soup version 0.26-a0-597-gb535b0901c (webtiles) character file.

Game seed: 16392457940023958437

39 ANON1729 the Sneak (level 3, -2/29 HPs)
             Began as a Demonspawn Delver on Aug 25, 2020.
             Slain by a bullfrog skeleton (6 damage)
             ... on level 5 of the Dungeon.
             The game lasted 00:00:28 (63 turns).

ANON1729 the Sneak (Demonspawn Delver)                Turns: 63, Time: 00:00:29

Health: -2/29      AC:  3    Str: 13    XL:     3   Next: 28%
Magic:  3/3        EV: 12    Int: 11    God:
Gold:   0          SH:  0    Dex: 14    Spells: 2/2 levels left

rFire    . . .     SeeInvis .   a - +0 falchion
rCold    . . .     Faith    .   (no shield)
rNeg     + . .     Spirit   .   b - +0 leather armour
rPois    .         Reflect  .   (no helmet)
rElec    .         Harm     .   (no cloak)
rCorr    .                      (no gloves)
MR       .....                  (no boots)
Stlth    +++.......             (no amulet)
HPRegen  0.09/turn              h - ring of positive energy
MPRegen  0.08/turn              (no ring)

@: no status effects
A: talons 2
a: no special abilities


You were on level 5 of the Dungeon.
You visited 1 branch of the dungeon, and saw 1 of its levels.

Inventory:

Hand Weapons
 a - a +0 falchion (weapon)
Armour
 b - a +0 leather armour (worn)
Jewellery
 h - a ring of positive energy (left hand)
Wands
 g - a wand of digging (3)
Scrolls
 c - a scroll of fog
 d - a scroll of magic mapping
 e - a scroll of fear
Potions
 f - a potion of haste


   Skills:
 + Level 3.4 Fighting
 + Level 2.2 Long Blades
 + Level 2.2 Dodging
 + Level 4.8 Stealth


You had 2 spell levels left.
You didn't know any spells.
Your spell library contained the following spells:

 Spells                   Type           Power        Failure   Level
 Animate Skeleton         Necr           #.....       41%         1
 Apportation              Tloc           #.....       41%         1
 Corona                   Hex            #......      41%         1
 Summon Small Mammal      Summ           #...         41%         1


Dungeon Overview and Level Annotations

Branches:
Dungeon (5/15)             Temple (0/1) D:5

Altars:


Innate Abilities, Weirdness & Mutations

You have razor-sharp toenails.


Message History

A jackal comes into view.
The jackal barks!
You slash the howler monkey!
You kill the howler monkey!
Your Long Blades skill increases to level 2!
Your Dodging skill increases to level 2!
You have reached level 2!
Your demonic ancestry asserts itself...
Your toenails lengthen and sharpen.
You have reached level 3!
Your experience leads to an increase in your attributes!
Increase (S)trength, (I)ntelligence, or (D)exterity?
You feel stronger.
Your demonic ancestry asserts itself...
Your toenails lengthen and sharpen.
A jackal comes into view.
The jackal bites you but does no damage.
You hit the jackal.
You kill the jackal!
The bullfrog skeleton hits you.
You die...

. #.............###
#..#.......#..#.#
..............#.##
....#.#.#.#.#.#..#
...............#..###
###.##.#.#..#
#.##...####
..##...#..#
#......#@## #.....Z##
#.....Z.# #.....h.#
#..<..... #.........
#..........
#.........###
#.......###


You could see a jackal, a bullfrog skeleton and a howler monkey skeleton.

Vanquished Creatures
  A howler monkey (D:5)
  A jackal (D:5)
2 creatures vanquished.

Notes
Turn   | Place    | Note
-------+----------+-------------------------------------------
     0 | D:5      | ANON1729 the Demonspawn Delver began the quest for the Orb.
     0 | D:5      | Reached XP level 1. HP: 18/18 MP: 1/1
     6 | D:5      | Noticed a hound
    15 | D:5      | Found a staircase to the Ecumenical Temple.
    44 | D:5      | Noticed a howler monkey
    62 | D:5      | Killed a howler monkey
    62 | D:5      | Gained mutation: You have sharp toenails. [demonic
                  | ancestry]
    62 | D:5      | Reached XP level 2. HP: 3/24 MP: 2/2
    62 | D:5      | Gained mutation: You have razor-sharp toenails. [demonic
                  | ancestry]
    62 | D:5      | Reached XP level 3. HP: 4/29 MP: 3/3
    63 | D:5      | Slain by a bullfrog skeleton

Illustrated notes

Levels and vault maps discovered:
D:5:      layout_layer_cave, lemuel_coloured_pillars_altar, fedhas_altar_3,
          minmay_temple_entry_glass, serial_shops, shop,
          chequers_serial_rivers_micro_e, uniq_menkaure, uniq_edmund

Skill      XL: |  1 |
---------------+----+-----
Long Blades    | 2 |  2.2
Dodging        | 2 |  2.2
Fighting       | |  3.4
Stealth        | |  4.8

Action                   || total
-------------------------++-------
Melee: Falchion          ||    15
Armor: Leather armour    ||     3
Dodge: Dodged            ||     9
       Rpst.: Falchion   ||     1

Table legend: (Time is in decaauts)
 A = Elapsed time spent in this place.
 B = Non-inter-level travel time spent in this place.
 C = Inter-level travel time spent in this place.
 D = Time resting spent in this place.
 E = Time spent auto-exploring this place.
 F = Levels seen in this place.
 G = Mean time per level.
                   A        B        C        D        E       F      G
               +--------+--------+--------+--------+--------+-----+--------+
         Total |     65 |     65 |      0 |      0 |     21 |   1 |   65.0 |
       Dungeon |     65 |     65 |      0 |      0 |     21 |   1 |   65.0 |
               +--------+--------+--------+--------+--------+-----+--------+

Top non-repeatable levels by time:
     D:5: 65 daAuts
